 Dungeon Crawl Stone Soup version 0.18.1-8-gdd0e5ea (webtiles) character file.

40142 Metae the Protected (level 13, 0/127 HPs)
             Began as a Deep Dwarf Fighter on June 9, 2016.
             Was the Champion of Makhleb.
             Slain by an Executioner (2 damage)
             ... summoned by the player character
             ... on level 8 of the Lair of Beasts.
             The game lasted 03:04:15 (18952 turns).

Metae the Protected (Deep Dwarf Fighter)           Turns: 18952, Time: 03:04:15

Health: 0/127      AC: 21    Str: 20    XL:     13   Next: 73%
Magic:  16/16      EV: 13    Int: 10    God:    Makhleb [******]
Gold:   1044       SH: 23    Dex: 20    Spells: 0 memorised, 12 levels left

rFire  + + .     SeeInvis +     v - +6 scimitar of Flaming Death {sticky flame, rPois rF++ rC- MR+}
rCold  x . .     Gourm    .     l - +1 chain mail
rNeg   + . .     Faith    .     a - +1 large shield
rPois  +         Spirit   .     w - +0 helmet
rElec  .         Dismiss  .     f - +2 cloak of Polytheism {Dex+4 SInv}
rCorr  .         Reflect  +     I - +0 pair of gloves
SustAt .         Harm     .     W - +0 pair of boots
MR     ++...                    Y - +5 amulet of reflection
Stlth  ..........               m - +2 ring of evasion
                                J - ring of positive energy

@: about to teleport, non-regenerating, very resistant to hostile enchantments,
extremely unstealthy
A: damage resistance, recharge devices, sense surroundings 2, slow regeneration
3
a: Device Recharging, Minor Destruction, Lesser Servant of Makhleb, Major
Destruction, Greater Servant of Makhleb, Renounce Religion


You were on level 8 of the Lair of Beasts.
You worshipped Makhleb.
Makhleb was exalted by your worship.
You were not hungry.

You visited 4 branches of the dungeon, and saw 19 of its levels.

You collected 1144 gold pieces.
You spent 100 gold pieces at shops.

Inventory:

Hand Weapons
 g - a +3 long sword of freezing
 v - the +6 scimitar of Flaming Death (weapon) {sticky flame, rPois rF++ rC- MR+}
   (You took it off an orc wizard on level 9 of the Dungeon)

   It has been specially enchanted to burn those struck by it, causing extra
   injury to most foes and up to half again as much damage against particularly
   susceptible opponents.
   Big, fiery blades are also staple armaments of hydra-hunters.
   It greatly protects you from fire.
   It makes you vulnerable to cold.
   It protects you from poison.
   It affects your resistance to hostile enchantments.
Armour
 a - a +1 large shield (worn)
 f - the +2 cloak of Polytheism (worn) {Dex+4 SInv}
   (You found it on level 1 of the Lair of Beasts)

   It affects your dexterity (+4).
   It lets you see invisible.
 l - a +1 chain mail (worn)
 w - a +0 helmet (worn)
 I - a +0 pair of gloves (worn)
 W - a +0 pair of boots (worn)
Jewellery
 m - a +2 ring of evasion (right hand)
 r - an uncursed ring of resist corrosion
 J - a ring of positive energy (left hand)
 L - an uncursed ring of protection from fire
 Y - a +5 amulet of reflection (around neck)
Wands
 b - a wand of disintegration (10/24)
 e - a wand of heal wounds (3/9)
 i - a wand of digging (6/24)
 j - a wand of confusion (40/48)
 p - a wand of teleportation (0/9)
 t - a wand of random effects (20/48)
 x - a wand of enslavement (17/24)
Scrolls
 h - 4 scrolls of random uselessness
 n - 2 scrolls of noise
 q - 2 scrolls of magic mapping
 y - 4 scrolls of identify
 z - 3 scrolls of enchant weapon
 B - 2 scrolls of amnesia {unknown}
 C - 4 scrolls of teleportation
 H - a scroll of fear
 N - 2 scrolls of blinking {unknown}
 O - 8 scrolls of remove curse
 P - a scroll of enchant armour
 Z - 2 scrolls of fog
Potions
 d - 3 potions of might
 k - 4 potions of brilliance
 o - 3 potions of degeneration {unknown}
 u - a potion of cancellation {unknown}
 E - a potion of cure mutation {unknown}
 F - a potion of invisibility {unknown}
 G - 2 potions of resistance {unknown}
 K - 2 potions of haste {unknown}
 Q - a potion of mutation {unknown}
 R - a potion of lignification {unknown}
 T - a potion of ambrosia {unknown}
 U - 2 potions of heal wounds {unknown}
 V - a potion of agility {unknown}
 X - 2 potions of flight {unknown}
Miscellaneous
 M - a fan of gales
Comestibles
 c - 5 chunks of flesh
 s - a beef jerky
 A - 7 bread rations
 S - 14 fruits


   Skills:
 * Level 11.3 Fighting
 + Level 6.8 Long Blades
   Level 8.3 Axes
 * Level 12.4 Armour
 + Level 8.7 Dodging
 + Level 9.6 Shields
 + Level 5.4 Invocations
 + Level 10.7 Evocations


You had 12 spell levels left.
You didn't know any spells.

Dungeon Overview and Level Annotations

Branches:
Dungeon (9/15)             Temple (1/1) D:4            Lair (8/8) D:9
 Shoals (0/4) Lair:6        Snake (1/4) Lair:4        Slime (0/6) Lair:8
    Orc: D:9-12

Altars:
Ashenzari
Cheibriados
Dithmenos
Fedhas
Gozag
Kikubaaqudgha
Makhleb
Nemelex Xobeh
Okawaru
Pakellas
Qazlal
Ru
Sif Muna
Trog
Vehumet
Xom
Yredelemnul
Zin
The Shining One
Jiyva

Shops:
D:8 %


Innate Abilities, Weirdness & Mutations

You are resistant to damage.
You can recharge devices by infusing magical energy.
You passively map the area around you.
You do not regenerate naturally.


Message History

* * * LOW HITPOINT WARNING * * *
The Executioner barely misses you. The Executioner hits you.
* * * LOW HITPOINT WARNING * * *
The Executioner gestures at you. You resist with almost no effort.
As you read the scroll of teleportation, it crumbles to dust.
You feel strangely unstable.
The Executioner burns!
The Executioner stops burning.
The Executioner hits you!
* * * LOW HITPOINT WARNING * * *
The Executioner hits you but does no damage.
The Executioner hits you.
* * * LOW HITPOINT WARNING * * *
You block the Executioner's attack. x4
The Executioner hits you but does no damage.
The Executioner barely misses you. You block the Executioner's attack.
The Executioner hits you!
* * * LOW HITPOINT WARNING * * *
The Executioner hits you but does no damage. x3
The Executioner misses you. The Executioner hits you.
You die...

######## ###...#..#
#.1Y...PP###
♣@1YY...Y..#
♣8♣##.#Y.#..# * ♣)♣
###'##YY####### **
, ♣♣ #..8#....8##P≈
** , , *
#...#.....'..≈
#.#.####P8#.≈≈ , ,
######'#....####.≈≈
* ,
#P....Y####....#≈≈≈
, #......#
####.###≈


You could see 5 dire elephants and 2 Executioners.

Vanquished Creatures
  2 hydras
  A queen ant (Lair:7)
  4 anacondas
  A naga ritualist (Snake:1)
  An unseen horror (D:8)
  Pikel (D:4)
  A griffon (D:9)
  2 mana vipers (Snake:1)
  5 black mambas (Snake:1)
  12 elephants
  Maurice (D:9)
  11 spiny frogs
  2 komodo dragons
  A rime drake (Lair:5)
  9 blink frogs
  Sigmund (D:4)
  5 basilisks
  A wyvern (Lair:7)
  5 hippogriffs
  17 yaks
  5 humans (D:6)
  A hungry ghost (D:8)
  15 soldier ants (Lair:7)
  6 nagas
  21 water moccasins
  2 hell hounds (Lair:7)
  7 porcupines
  3 sky beasts
  An ice beast (D:9)
  A slave (D:4)
  A black bear (D:6)
  4 ogres
  3 phantoms
  The ghost of RudyRod the Firebug, an amateur NaFE of Vehumet (D:4)
  9 crocodiles
  9 wolves
  2 big kobolds (D:9)
  21 giant frogs
  A gnoll sergeant (D:9)
  3 scorpions
  A water moccasin skeleton (D:5)
  A killer bee (D:9)
  5 howler monkeys
  4 wights (D:9)
  5 crimson imps
  A quasit (D:8)
  4 giant frog skeletons
  A giant frog zombie (D:9)
  5 hounds
  A jelly (Lair:8)
  5 orc priests
  Crazy Yiuf (D:3)
  Jessica (D:3)
  4 iguanas
  11 orc wizards
  Natasha (twice) (D:4)
  42 worker ants
  13 hell rats
  15 sheep (Lair:6)
  A hound skeleton (D:4)
  Robin (D:3)
  12 gnolls
  5 adders
  62 river rats
  3 shadow imps
  2 oozes
  An adder skeleton (D:5)
  4 worms
  7 giant geckos
  25 orcs
  4 ball pythons
  5 giant cockroaches
  21 goblins
  15 hobgoblins
  6 jackals
  7 kobolds
  6 quokkas
  6 bats
  2 giant newts
  29 rats
  A bush (Lair:7)
  6 fungi
  8 plants
560 creatures vanquished.

Vanquished Creatures (collateral kills)
  A catoblepas (Lair:8)
  A naga sharpshooter (Snake:1)
  A hill giant (D:9)
  A salamander (Snake:1)
  A guardian serpent (Snake:1)
  A naga mage (Snake:1)
  A komodo dragon (Lair:8)
  A blink frog (Lair:4)
  A naga (Snake:1)
  An orc warrior (D:9)
  A gnoll sergeant (D:9)
  2 killer bees (D:9)
  An electric eel (Lair:2)
  3 howler monkeys (D:9)
  An orc priest (D:9)
  2 gnolls (D:9)
  An orc (D:9)
  A fungus (Lair:8)
22 creatures vanquished.

Vanquished Creatures (others)
  A salamander (Snake:1)
  2 centaurs (D:9)
  5 fungi
  4 plants
12 creatures vanquished.

Grand Total: 594 creatures vanquished

Notes
Turn   | Place    | Note
--------------------------------------------------------------
     0 | D:1      | Metae the Deep Dwarf Fighter began the quest for the Orb.
     0 | D:1      | Reached XP level 1. HP: 20/20 MP: 1/1
   145 | D:1      | Reached XP level 2. HP: 25/27 MP: 2/2
   530 | D:1      | Reached XP level 3. HP: 18/34 MP: 3/3
   690 | D:1      | Reached skill level 1 in Evocations
  1031 | D:2      | Reached skill level 1 in Dodging
  1043 | D:2      | Found a sparkling altar of Nemelex Xobeh.
  1183 | D:1      | Reached skill level 4 in Armour
  1479 | D:2      | Reached XP level 4. HP: 19/42 MP: 4/4
  2138 | D:3      | Noticed Robin
  2294 | D:3      | Killed Robin
  2641 | D:3      | Reached XP level 5. HP: 42/50 MP: 5/5
  2679 | D:3      | Noticed an air elemental
  2680 | D:3      | Found a stormy altar of Qazlal.
  2684 | D:3      | Noticed a fire elemental
  2684 | D:3      | Noticed a water elemental
  2706 | D:3      | Found a shimmering altar of Xom.
  2731 | D:3      | Paralysed by a crimson imp for 5 turns
  2791 | D:3      | Noticed Jessica
  2807 | D:3      | Killed Jessica
  2971 | D:3      | Noticed Crazy Yiuf
  3578 | D:3      | Paralysed by a crimson imp for 6 turns
  3894 | D:3      | Reached XP level 6. HP: 47/57 MP: 6/6
  3967 | D:3      | Found a bloodstained altar of Trog.
  4028 | D:3      | Killed Crazy Yiuf
  4141 | D:4      | Noticed Natasha
  4157 | D:4      | Reached skill level 5 in Armour
  4176 | D:4      | Killed Natasha
  4210 | D:4      | Noticed RudyRod's ghost (amateur NaFE)
  4229 | D:4      | Killed RudyRod's ghost
  4229 | D:4      | Reached XP level 7. HP: 35/66 MP: 8/8
  4317 | D:4      | Found a shimmering altar of Xom.
  4318 | D:4      | Found a staircase to the Ecumenical Temple.
  4328 | D:4      | Noticed Sigmund
  4344 | D:4      | Killed Sigmund
  4468 | D:4      | Found a deep blue altar of Sif Muna.
  4584 | D:4      | Reached skill level 5 in Fighting
  4711 | D:4      | Noticed Natasha
  4722 | D:4      | Killed Natasha
  4732 | D:4      | Found an iron altar of Okawaru.
  4732 | D:4      | Found a snail-covered altar of Cheibriados.
  4733 | D:4      | Found a sparkling altar of Nemelex Xobeh.
  4996 | D:4      | Reached skill level 6 in Armour
  4996 | D:4      | Reached XP level 8. HP: 47/74 MP: 8/8
  5003 | Temple   | Entered the Ecumenical Temple
  5083 | Temple   | Became a worshipper of Makhleb the Destroyer
  5341 | D:4      | Noticed Pikel
  5389 | D:4      | Killed Pikel
  5389 | D:4      | Reached skill level 5 in Shields
  5469 | D:5      | Entered Level 5 of the Dungeon
  5980 | D:5      | Reached skill level 7 in Armour
  6344 | D:6      | Reached skill level 5 in Axes
  6344 | D:6      | Gained mutation: You passively map the area around you. [Deep Dwarf growth]
  6344 | D:6      | Reached XP level 9. HP: 41/82 MP: 10/10
  6387 | D:6      | Reached skill level 5 in Evocations
  6689 | D:6      | Reached * piety under Makhleb
  7011 | D:6      | Reached skill level 5 in Dodging
  7384 | D:8      | Reached skill level 8 in Armour
  7434 | D:8      | Noticed an unseen horror
  7466 | D:8      | Killed an unseen horror
  7511 | D:8      | Reached ** piety under Makhleb
  7545 | D:8      | Found an ancient bone altar of Kikubaaqudgha.
  7708 | D:8      | Reached XP level 10. HP: 69/94 MP: 12/12
  7868 | D:8      | Found Upuricogy's Food Shoppe.
  7875 | D:8      | Bought a meat ration for 50 gold pieces
  7875 | D:8      | Bought a meat ration for 50 gold pieces
  8649 | D:9      | Noticed Maurice
  8690 | D:9      | Killed Maurice
  8764 | D:9      | Noticed a griffon
  8785 | D:9      | Killed a griffon
  8903 | D:9      | Reached skill level 9 in Armour
  8973 | D:9      | Reached *** piety under Makhleb
  9192 | D:9      | Found a staircase to the Lair.
  9786 | D:9      | Noticed a hill giant
  9841 | D:9      | Killed a hill giant
  9841 | D:9      | Reached XP level 11. HP: 18/104 MP: 15/15
  9978 | D:9      | Found a glowing golden altar of the Shining One.
 10216 | Lair:1   | Entered Level 1 of the Lair of Beasts
 10259 | Lair:1   | Got a warped cloak
 10270 | Lair:1   | Identified the +2 cloak of Polytheism {Dex+4 SInv} (You found it on level 1 of the Lair of Beasts)
 10461 | Lair:1   | Reached skill level 1 in Long Blades
 10681 | Lair:1   | Reached **** piety under Makhleb
 11550 | Lair:2   | Reached skill level 10 in Armour
 11777 | Lair:2   | Reached ***** piety under Makhleb
 13904 | Lair:4   | Found a staircase to the Snake Pit.
 13913 | Lair:4   | Reached XP level 12. HP: 79/116 MP: 15/15
 14168 | Snake:1  | Entered Level 1 of the Snake Pit
 14225 | Snake:1  | Noticed an anaconda
 14226 | Snake:1  | Noticed an anaconda
 14237 | Snake:1  | Killed an anaconda
 14237 | Snake:1  | Reached skill level 11 in Armour
 14242 | Snake:1  | Killed an anaconda
 14262 | Snake:1  | Reached skill level 10 in Fighting
 14323 | Snake:1  | Noticed an anaconda
 14335 | Snake:1  | Killed an anaconda
 14408 | Snake:1  | Reached skill level 5 in Long Blades
 14944 | Lair:5   | Noticed an eight-headed hydra
 14949 | Lair:5   | Killed a five-headed hydra
 15031 | Lair:5   | Reached skill level 1 in Invocations
 15031 | Lair:5   | Reached skill level 10 in Evocations
 15211 | Lair:5   | Found a shattered altar of Ashenzari.
 15706 | Lair:6   | Found a staircase to the Shoals.
 15872 | Lair:6   | Reached XP level 13. HP: 120/124 MP: 15/15
 16085 | Lair:6   | Reached ****** piety under Makhleb
 16971 | Lair:7   | Reached skill level 12 in Armour
 18173 | Lair:8   | Entered Level 8 of the Lair of Beasts
 18502 | Lair:8   | Found a staircase to the Slime Pits.
 18503 | Lair:8   | Found a viscous altar of Jiyva.
 18655 | Lair:8   | Reached skill level 5 in Invocations
 18923 | Lair:8   | Noticed a dire elephant
 18923 | Lair:8   | Noticed a dire elephant
 18931 | Lair:8   | Noticed an Executioner
 18937 | Lair:8   | Noticed an Executioner
 18945 | Lair:8   | Noticed a dire elephant
 18945 | Lair:8   | Noticed a dire elephant
 18945 | Lair:8   | Noticed a dire elephant
 18952 | Lair:8   | HP: 2/127 [Executioner[the player character] (6)]
 18952 | Lair:8   | Slain by an Executioner

Skill      XL: |  1  2  3  4  5  6  7  8  9 10 11 12 13 |
---------------+----------------------------------------+-----
Fighting       | 3 4 5 6 7 8 9 10 11 | 11.3
Evocations     | 1 2 3 4 6 8 9 10 | 10.7
Dodging        | 1 2 3 4 5 6 7 8 |  8.7
Armour         | 4 5 6 7 8 9 10 11 12 | 12.4
Axes           | 3 4 5 6 7 8 |  8.3
Shields        | 4 5 6 7 8 9 |  9.6
Long Blades    | 3 5 6 |  6.8
Invocations    | 1 5 |  5.4

Action                   |  1- 3 |  4- 6 |  7- 9 | 10-12 | 13-15 || total
-------------------------+-------+-------+-------+-------+-------++-------
Melee: War axe           |   106 |   239 |   424 |  1019 |       ||  1788
       Dagger            |       |   337 |       |       |       ||   337
       Battleaxe         |       |       |    78 |       |       ||    78
       Scimitar          |       |       |       |   250 |   545 ||   795
Invok: Lesser Servant of |       |       |       |    10 |       ||    10
       Minor Destruction |       |       |       |     4 |       ||     4
       Greater Servant o |       |       |       |       |     3 ||     3
       Major Destruction |       |       |       |       |     1 ||     1
 Abil: Device Recharging |       |     1 |     1 |     3 |       ||     5
Evoke: Wand              |     2 |     7 |    12 |    29 |     2 ||    52
  Use: Scroll            |       |     9 |     2 |     5 |    11 ||    27
       Potion            |       |       |       |     5 |       ||     5
 Stab: Invisible         |       |     5 |       |       |       ||     5
  Eat: Chunk             |     2 |     5 |     4 |    11 |     5 ||    27
       Bread ration      |       |     2 |       |     1 |       ||     3
       Meat ration       |       |       |     1 |     2 |       ||     3
       Pizza             |       |       |       |     2 |     1 ||     3
       Fruit             |       |       |       |     1 |     2 ||     3
       Beef jerky        |       |       |       |     1 |     1 ||     2
       Royal jelly       |       |       |       |     2 |       ||     2
Armor: Scale mail        |    29 |   243 |    25 |       |       ||   297
       Chain mail        |       |       |   200 |   710 |   283 ||  1193
Dodge: Dodged            |    35 |   190 |   158 |   555 |   273 ||  1211
Block: Shield            |    68 |   377 |   312 |  1666 |       ||  2423
       Reflection        |       |     2 |     2 |    36 |       ||    40
       Other             |       |       |    11 |       |       ||    11
       Large shield      |       |       |       |       |   927 ||   927
